[Event "December 5 Early 2023"]
[Site "https://www.chess.com"]
[Date "2023.12.05"]
[Round "5"]
[White "Boor, Carl"]
[Black "Matveeva, Olga"]
[Result "1-0"]
[Board "122"]
[TimeControl "180+1"]
[WhiteFideId "2017008"]
[BlackFideId "24107018"]
[WhiteElo "2584"]
[BlackElo "2389"]
[WhiteTeam "USA"]
[BlackTeam "RUS"]
[WhiteClock "0:00:27"]
[BlackClock "0:00:13"]

1. d4 d5 2. c4 e6 3. Nc3 Nf6 4. cxd5 exd5 5. Bg5 Be7 6. e3 Nbd7 7. Bd3 c6 8. Qc2 Nh5 9. Bxe7 Qxe7 10. Nge2 g6 11. O-O-O Nb6 12. Kb1 Ng7 13. Ng3 h5 14. h4 Be6 15. Nce2 O-O-O 16. Nf4 Kb8 17. a3 Rhe8 18. Rc1 Bc8 19. Be2 Bf5 20. Nxf5 Nxf5 21. g3 Nd6 22. Bd3 Nbc4 23. Ka2 Rc8 24. Rhe1 Nb6 25. b3 Ne4 26. Bxe4 Qxe4 27. Qxe4 Rxe4 28. Rc3 Rce8 29. Rec1 Nd7 30. Nd3 Kc7 31. b4 Nb6 32. b5 Nc4 33. bxc6 bxc6 34. Nb2 Nxb2 35. Rxc6+ Kd7 36. Kxb2 Rb8+ 37. Ka2 Re6 38. Rc7+ Kd8 39. Rxa7 Reb6 40. Rc2 R8b7 41. Rxb7 Rxb7 42. a4 Kd7 43. Rb2 Rc7 44. Kb3 Rc1 45. Kb4 Kc7 46. Kb5 Ra1 47. Kc5 Rxa4 48. Kxd5 Ra5+ 49. Ke4 Kd6 50. Rb7 Ke6 51. Kf3 Kf6 52. Kg2 Ra2 53. Rc7 Rb2 54. Rc1 Ra2 55. Rd1 Rb2 56. d5 Ke7 57. d6+ Kd7 58. Kf3 Rb4 59. e4 f6 60. Kf4 Ra4 61. f3 Rb4 62. g4 hxg4 63. fxg4 Ra4 64. Rd5 Rb4 65. h5 gxh5 66. gxh5 Rb1 67. Kf5 Rf1+ 68. Kg6 Rh1 69. h6 f5 70. Rxf5 Kxd6 71. h7 Rg1+ 72. Rg5 Rh1 73. Rh5 1-0

[Event "December 5 Early 2023"]
[Site "https://www.chess.com"]
[Date "2023.12.05"]
[Round "5"]
[White "Manon-og, Ramon Jr."]
[Black "Vakhidov, Shahzod"]
[Result "1-0"]
[Board "123"]
[TimeControl "180+1"]
[WhiteFideId "5200776"]
[BlackFideId "14205270"]
[WhiteElo "2386"]
[BlackElo "2582"]
[WhiteTeam "PHI"]
[BlackTeam "UZB"]
[WhiteClock "0:00:36"]
[BlackClock "0:00:00"]

1. e4 c5 2. Nf3 g6 3. c3 d5 4. exd5 Qxd5 5. Na3 Bg7 6. d4 cxd4 7. Nb5 Na6 8. Nbxd4 Nf6 9. Bxa6 bxa6 10. O-O O-O 11. Re1 e6 12. Bf4 Bb7 13. Be5 Rfd8 14. Qa4 Nh5 15. Bxg7 Nxg7 16. Rad1 Qc5 17. Re5 Qb6 18. Re2 Rab8 19. Red2 Rdc8 20. h3 Nh5 21. Ne5 Bd5 22. Nd7 Qb7 23. Nxb8 Rxb8 24. f3 Nf4 25. Ne2 Nh5 26. c4 Qb6+ 27. Kh1 Bc6 28. Qc2 Qf2 29. Qc3 f6 30. Nd4 Ng3+ 31. Kh2 Nf1+ 32. Rxf1 Qxf1 33. Nxc6 1-0

[Event "December 5 Early 2023"]
[Site "https://www.chess.com"]
[Date "2023.12.05"]
[Round "5"]
[White "Kononenko, Dmitry"]
[Black "Garrido, Denis"]
[Result "0-1"]
[Board "124"]
[TimeControl "180+1"]
[WhiteFideId "14113538"]
[BlackFideId "601217"]
[WhiteElo "2582"]
[BlackElo "2385"]
[WhiteTeam "UKR"]
[BlackTeam "FRA"]
[WhiteClock "0:00:11"]
[BlackClock "0:00:08"]

1. e4 e5 2. Nf3 Nf6 3. Nxe5 d5 4. d4 Nxe4 5. Bd3 Bd6 6. O-O O-O 7. Nc3 Nxc3 8. bxc3 Nd7 9. f4 Nf6 10. Qf3 Re8 11. Bd2 c5 12. Bb5 Re7 13. dxc5 Bxc5+ 14. Kh1 Bf5 15. Bd3 Ne4 16. Bxe4 Bxe4 17. Qg3 Bd6 18. Rae1 Qc7 19. Ng4 Kh8 20. Ne3 f5 21. c4 dxc4 22. Bc3 Rg8 23. Rd1 Re6 24. Nd5 Qf7 25. Ne3 Qh5 26. Rd4 Rg6 27. Qf2 Bc5 28. Rxe4 fxe4 29. f5 Rh6 30. h3 Be7 31. Nd5 Bf6 32. Nxf6 gxf6 33. Re1 Re8 34. Qg3 Qxf5 35. Qd6 Qe6 36. Qf4 Kg8 37. Bd4 Rg6 38. c3 f5 39. Rf1 Rf8 40. Qh4 Rh6 41. Qg5+ Rg6 42. Qf4 Rf7 43. Rd1 Qc6 44. Be5 e3 45. Rd8+ Rf8 46. Rxf8+ Kxf8 47. Qxf5+ Kg8 48. Qf1 Qe4 49. Bd4 e2 50. Qf2 e1=Q+ 51. Kh2 Qxf2 52. Bxf2 Qxg2# 0-1

[Event "December 5 Early 2023"]
[Site "https://www.chess.com"]
[Date "2023.12.05"]
[Round "5"]
[White "Batbold, Nyamsuren"]
[Black "Aaditya Dhingra"]
[Result "1/2-1/2"]
[Board "125"]
[TimeControl "180+1"]
[WhiteFideId "4903331"]
[BlackFideId "25678191"]
[WhiteElo "2383"]
[BlackElo "2580"]
[WhiteTeam "MGL"]
[BlackTeam "IND"]
[WhiteClock "0:00:04"]
[BlackClock "0:00:14"]

1. d4 Nf6 2. c4 e6 3. Nf3 d5 4. g3 dxc4 5. Bg2 a6 6. a4 Nc6 7. O-O Bd7 8. Qc2 b5 9. axb5 axb5 10. Rxa8 Qxa8 11. b3 Nb4 12. Qb2 cxb3 13. Qxb3 Qa4 14. Qb2 Qa2 15. Qc3 Nfd5 16. Qb2 Qxb2 17. Bxb2 c5 18. e4 Nb6 19. Nc3 Nd3 20. Ba1 b4 21. Rd1 c4 22. Ne2 Ba4 23. Rb1 c3 24. Bxc3 bxc3 25. Nxc3 Bb4 26. Nxa4 Nxa4 27. Bf1 Nab2 28. Bxd3 Nxd3 29. Rb3 Ne1 30. Nxe1 Be7 31. Rb8+ Bd8 32. Nd3 O-O 33. Ne5 Bc7 34. Rxf8+ Kxf8 35. Nc4 Ke7 36. Kf1 Kd7 37. Ke2 Kc6 38. f4 Kb5 39. Kd3 Kb4 40. Ne3 Bb6 41. f5 Kb5 42. h4 Kc6 43. g4 Bc7 44. e5 Bd8 45. g5 g6 46. f6 Kd7 47. Ke4 Ba5 48. Nc4 Be1 49. Nd6 Bxh4 50. Nxf7 Ke8 51. Nd6+ Kd7 52. d5 Bxg5 53. f7 Bh6 54. Ne8 Ke7 55. d6+ Kxf7 56. Nf6 Bg5 57. Nxh7 Bd8 58. Kf4 Ke8 59. Kg4 Kd7 60. Nf8+ Ke8 61. Nxe6 Bb6 62. Nf4 Kf7 63. e6+ Kf6 64. e7 Kf7 65. Nxg6 Bc5 66. d7 Bxe7 67. Kf5 Bd8 68. Ne5+ Ke7 69. Nc6+ Kxd7 1/2-1/2

[Event "December 5 Early 2023"]
[Site "https://www.chess.com"]
[Date "2023.12.05"]
[Round "5"]
[White "Morgunov, Marc"]
[Black "Buchenau, Frank"]
[Result "0-1"]
[Board "126"]
[TimeControl "180+1"]
[WhiteFideId "1640305"]
[BlackFideId "4604350"]
[WhiteElo "2579"]
[BlackElo "2377"]
[WhiteTeam "AUT"]
[BlackTeam "GER"]
[WhiteClock "0:01:12"]
[BlackClock "0:01:37"]

1. e4 e6 2. d4 d5 3. Nc3 Nf6 4. exd5 exd5 5. Bg5 Be7 6. Bd3 Bg4 7. f3 Bh5 8. Nge2 Bg6 9. h4 c6 10. Qd2 Nbd7 11. g4 Bxd3 12. Qxd3 h5 13. Bxf6 Bxf6 14. g5 Be7 15. O-O-O Nf8 16. f4 Qa5 17. f5 O-O-O 18. Kb1 Bd6 19. Rhf1 Nd7 20. Nf4 Rde8 21. Qf3 Nb6 22. Nd3 Nc4 23. Rde1 Nd2+ 0-1

[Event "December 5 Early 2023"]
[Site "https://www.chess.com"]
[Date "2023.12.05"]
[Round "5"]
[White "Georg, Heinz"]
[Black "Vivaan Vishal Shah"]
[Result "1-0"]
[Board "127"]
[TimeControl "180+1"]
[WhiteFideId "4607295"]
[BlackFideId "25184237"]
[WhiteElo "2350"]
[BlackElo "2575"]
[WhiteTeam "GER"]
[BlackTeam "IND"]
[WhiteClock "0:01:14"]
[BlackClock "0:00:42"]

1. e4 c5 2. Nf3 d6 3. Bb5+ Bd7 4. Bxd7+ Qxd7 5. O-O Nc6 6. c3 f5 7. exf5 Qxf5 8. d4 cxd4 9. Nxd4 Nxd4 10. Qxd4 Nf6 11. Re1 g6 12. Qxd6 Rd8 13. Qf4 Qc2 14. Na3 Qe2 15. Be3 Qxb2 16. Bd4 Kf7 17. Nc4 Qb5 18. Bxf6 exf6 19. Ne5+ Kg7 20. Ng4 Qc6 21. Rad1 Bc5 22. Qh6+ Kf7 23. Rxd8 Rxd8 24. Qxh7+ Kf8 25. Qh8+ Kf7 26. Nh6# 1-0

[Event "December 5 Early 2023"]
[Site "https://www.chess.com"]
[Date "2023.12.05"]
[Round "5"]
[White "Lazarne Vajda, Szidonia"]
[Black "Hjartarson, Johann"]
[Result "0-1"]
[Board "128"]
[TimeControl "180+1"]
[WhiteFideId "723894"]
[BlackFideId "2300044"]
[WhiteElo "2343"]
[BlackElo "2569"]
[WhiteTeam "HUN"]
[BlackTeam "ISL"]
[WhiteClock "0:00:09"]
[BlackClock "0:01:28"]

1. e4 c5 2. Nf3 d6 3. d4 cxd4 4. Nxd4 Nf6 5. Nc3 Nc6 6. Nd5 Bd7 7. Nxf6+ gxf6 8. Be3 Nxd4 9. Bxd4 Bc6 10. f3 a6 11. Bc4 Rg8 12. Qd2 d5 13. exd5 Bxd5 14. Bb3 Bxb3 15. axb3 e5 16. O-O-O Qxd4 17. Qa5 Qc5 18. Qa4+ Qc6 19. Qh4 Rxg2 20. c3 Ba3 0-1

[Event "December 5 Early 2023"]
[Site "https://www.chess.com"]
[Date "2023.12.05"]
[Round "5"]
[White "De Arruda, Leandro Formes"]
[Black "Vovk, Orest"]
[Result "0-1"]
[Board "129"]
[TimeControl "180+1"]
[WhiteFideId "22722009"]
[BlackFideId "14113490"]
[WhiteElo "2337"]
[BlackElo "2558"]
[WhiteTeam "BRA"]
[BlackTeam "UKR"]
[WhiteClock "0:00:13"]
[BlackClock "0:00:07"]

1. d4 h6 2. Nf3 g5 3. c4 Bg7 4. Nc3 c5 5. e3 Nc6 6. Be2 g4 7. Ne5 Nxe5 8. dxe5 Bxe5 9. Bxg4 Bxc3+ 10. bxc3 d6 11. Qa4+ Bd7 12. Qxd7+ Qxd7 13. Bxd7+ Kxd7 14. Rb1 Kc6 15. e4 Nf6 16. f3 Nd7 17. Bf4 e5 18. Be3 Nb6 19. Ke2 Nxc4 20. Bf2 h5 21. Rhd1 b5 22. Rd5 Rhg8 23. g3 a5 24. Rbd1 a4 25. Be3 Raf8 26. f4 f6 27. f5 h4 28. Kf3 hxg3 29. hxg3 Rf7 30. Bf2 Rh7 31. Kg2 Rg5 32. Kf3 Rgh5 33. Kg2 Rh2+ 34. Kf3 Rh1 35. Bg1 a3 36. Kg2 R1h3 37. Bf2 Rh2+ 38. Kf3 R7h3 39. R5d3 Rxf2+ 40. Kxf2 Rh2+ 41. Kf3 Rxa2 42. g4 Rh2 43. g5 fxg5 44. Kg4 Nb2 45. f6 Nxd3 46. Rxd3 Rf2 47. Rf3 Rxf3 48. Kxf3 Kd7 49. Kg4 Ke6 50. Kxg5 Kf7 51. Kg4 0-1

[Event "December 5 Early 2023"]
[Site "https://www.chess.com"]
[Date "2023.12.05"]
[Round "5"]
[White "Durucay, Uygar"]
[Black "Zivic, Dragan"]
[Result "0-1"]
[Board "130"]
[TimeControl "180+1"]
[WhiteFideId "44591560"]
[BlackFideId "904740"]
[WhiteElo "2553"]
[BlackElo "2334"]
[WhiteTeam "TUR"]
[BlackTeam "SRB"]
[WhiteClock "0:00:03"]
[BlackClock "0:00:23"]

1. d4 Nf6 2. Nf3 e6 3. Bg5 c5 4. e3 cxd4 5. exd4 Be7 6. Bd3 d6 7. c3 h6 8. Bh4 b6 9. Nbd2 Bb7 10. O-O O-O 11. Re1 Nbd7 12. a4 a6 13. Qe2 Re8 14. Bg3 Nh5 15. Nc4 Nxg3 16. hxg3 Qc7 17. g4 g6 18. Ncd2 Nf6 19. g5 hxg5 20. Nxg5 Bf8 21. Nge4 Nxe4 22. Nxe4 Bg7 23. Ng5 Bf6 24. Qg4 Bxg5 25. Qxg5 Qe7 26. Qg3 Kg7 27. f3 Rh8 28. Kf2 Qh4 29. Rh1 Qxg3+ 30. Kxg3 a5 31. Rhb1 f5 32. b4 Ba6 33. Bc2 Rac8 34. bxa5 bxa5 35. Rb6 Bc4 36. Rxd6 Bd5 37. Ra3 Rc7 38. Bd3 Rhc8 39. Ba6 Rxc3 40. Rd7+ Kf6 41. Ra1 Rb8 42. Bb5 Rbc8 43. Ra7 Rc2 44. Rh1 R8c7 45. Rxa5 Rd2 46. Ra6 Rxd4 47. Rd6 Rd2 48. Rd8 Rcc2 49. Rg1 g5 50. a5 g4 51. a6 gxf3 52. gxf3 Rc3 53. Rf1 Ke5 54. a7 Ra2 55. Re1+ Kf6 56. Re2 Rxa7 57. Rd6 Rxf3+ 58. Kh4 Rh7# 0-1

[Event "December 5 Early 2023"]
[Site "https://www.chess.com"]
[Date "2023.12.05"]
[Round "5"]
[White "Sharapov, Evgeny"]
[Black "Tharushi, T H D Niklesha"]
[Result "1-0"]
[Board "131"]
[TimeControl "180+1"]
[WhiteFideId "14103133"]
[BlackFideId "9918264"]
[WhiteElo "2550"]
[BlackElo "2324"]
[WhiteTeam "UKR"]
[BlackTeam "SRI"]
[WhiteClock "0:00:22"]
[BlackClock "0:00:08"]

1. e4 c5 2. Nf3 d6 3. d4 cxd4 4. Nxd4 Nf6 5. f3 g6 6. c4 Nc6 7. Nc3 Bg7 8. Be3 O-O 9. Be2 Be6 10. O-O Nd7 11. Nxe6 fxe6 12. Qd2 Rc8 13. Rac1 a6 14. b3 Kh8 15. f4 Qa5 16. Bg4 Nc5 17. Bf3 e5 18. f5 gxf5 19. exf5 Rxf5 20. Bg4 Rxf1+ 21. Rxf1 Rf8 22. Rxf8+ Bxf8 23. Qf2 Bg7 24. Qf7 Qd8 25. Nd5 Ne4 26. Bf5 Nf6 27. Nxf6 exf6 28. Qxb7 Ne7 29. Qd7 Qa5 30. Qe8+ Ng8 31. Bf2 Qd2 32. g4 Qh6 33. Be6 Bf8 34. Qf7 Qg7 35. Qxg7+ Kxg7 36. Bxg8 Kxg8 37. Kg2 Kf7 38. Kf3 Ke6 39. Ke4 Bh6 40. b4 Bf4 41. h3 h5 42. a4 hxg4 43. hxg4 Kd7 44. Kd5 Kc7 45. b5 axb5 46. cxb5 Bg5 47. a5 Kb7 48. a6+ Kb8 49. b6 Bd2 50. Kc6 Ba5 51. a7+ Kc8 52. a8=Q# 1-0

[Event "December 5 Early 2023"]
[Site "https://www.chess.com"]
[Date "2023.12.05"]
[Round "5"]
[White "Dyulgerov, Volen"]
[Black "Hajiyev, Kanan"]
[Result "0-1"]
[Board "132"]
[TimeControl "180+1"]
[WhiteFideId "2918978"]
[BlackFideId "13404148"]
[WhiteElo "2255"]
[BlackElo "2548"]
[WhiteTeam "BUL"]
[BlackTeam "AZE"]
[WhiteClock "0:00:00"]
[BlackClock "0:01:03"]

1. e4 c6 2. d4 d5 3. Nd2 a6 4. Ngf3 Bg4 5. Bd3 e6 6. c3 Nf6 7. e5 Nfd7 8. b4 a5 9. b5 c5 10. O-O Be7 11. Re1 O-O 12. Nf1 Qb6 13. a4 cxd4 14. cxd4 Bxf3 15. Qxf3 Qxd4 16. Bf4 Nc5 17. Bc2 Nbd7 18. Rad1 Qb2 19. Re2 Qb4 20. Rb1 Qc4 21. Ne3 Qc3 22. Qh5 g6 23. Qh6 Nxe5 24. Nf5 exf5 25. Bxe5 Bf6 26. Bxc3 Bxc3 27. Re7 Bf6 28. Rc7 b6 29. Bxf5 Be5 30. Bxg6 hxg6 31. Re7 Bg7 32. Qg5 Ne4 33. Rxe4 dxe4 34. Qg4 Rfe8 35. Qg3 Rad8 36. Re1 Be5 37. Qe3 Bd4 38. Qe2 f5 39. g4 Kg7 40. gxf5 gxf5 41. Kh1 Kf6 42. Rg1 Rh8 43. Qc2 Be5 44. Qc6+ Rd6 45. Qxd6+ Bxd6 46. Rd1 Bxh2 47. Kg2 Be5 48. f4 Bxf4 0-1

[Event "December 5 Early 2023"]
[Site "https://www.chess.com"]
[Date "2023.12.05"]
[Round "5"]
[White "Mishra, Manoj"]
[Black "Bilan, Danila"]
[Result "1-0"]
[Board "133"]
[TimeControl "180+1"]
[WhiteFideId "5006007"]
[BlackFideId "24161918"]
[WhiteElo "2233"]
[BlackElo "2546"]
[WhiteTeam "IND"]
[BlackTeam "RUS"]
[WhiteClock "0:00:06"]
[BlackClock "0:00:16"]

1. d4 d5 2. Nf3 c6 3. c4 e6 4. g3 dxc4 5. Bg2 b5 6. Ne5 Bb7 7. a4 a6 8. Nc3 Qc8 9. O-O Nd7 10. b3 b4 11. Ne4 c3 12. Nc4 Qb8 13. Bf4 Qa7 14. Ned6+ Bxd6 15. Nxd6+ Ke7 16. Qd3 Ngf6 17. Qc4 a5 18. Nxb7 Qxb7 19. Bxc6 Qb6 20. Bxa8 Rxa8 21. Qb5 Nd5 22. Qxb6 N7xb6 23. e4 Nxf4 24. gxf4 Rd8 25. Rfd1 f5 26. f3 g6 27. Kf2 Nc8 28. Ke3 Na7 29. h4 Nc6 30. h5 Kf6 31. hxg6 hxg6 32. Rd3 Rh8 33. d5 exd5 34. exd5 Nd8 35. d6 Rh2 36. d7 Ke6 37. Re1 Rb2 38. Re2 Rxb3 39. Kd4+ Kxd7 40. Kc4+ Kc7 41. Kxb3 Nc6 42. Re6 Kb7 43. Rxg6 Kc7 44. Rxc6+ Kxc6 45. Rd4 Kc5 46. Rc4+ Kd5 47. Rc8 Kd4 48. Re8 Kd3 49. Re5 c2 50. Rd5+ Ke3 51. Kxc2 Kxf4 52. Rxa5 Kxf3 53. Rxf5+ Ke3 54. a5 Kd4 55. a6 b3+ 56. Kxb3 1-0

[Event "December 5 Early 2023"]
[Site "https://www.chess.com"]
[Date "2023.12.05"]
[Round "5"]
[White "Palmer, Reegan"]
[Black "Erzhanov, Arman"]
[Result "0-1"]
[Board "134"]
[TimeControl "180+1"]
[WhiteFideId "14322145"]
[BlackFideId "4138821"]
[WhiteElo "2227"]
[BlackElo "2546"]
[WhiteTeam "RSA"]
[BlackTeam "KAZ"]
[WhiteClock "0:00:00"]
[BlackClock "0:00:55"]

1. e4 d6 2. Nf3 Nf6 3. d3 e5 4. g3 Be7 5. Bg2 O-O 6. O-O Nbd7 7. Re1 c6 8. c3 Re8 9. Nbd2 Bf8 10. Nf1 Qc7 11. h4 b5 12. Ne3 Nc5 13. b4 Ncd7 14. a4 Bb7 15. a5 a6 16. h5 h6 17. Nh4 d5 18. Nef5 dxe4 19. dxe4 c5 20. g4 cxb4 21. cxb4 Bxb4 22. Re2 Rad8 23. g5 hxg5 24. Bxg5 Nc5 25. Qb1 Bc3 26. Bxf6 gxf6 27. Qc1 Ne6 28. Ra3 b4 29. Rb3 Nf4 30. Re3 Qc4 31. Rbxc3 bxc3 32. Rxc3 Ne2+ 33. Kh1 Qxc3 34. Qh6 Qc1+ 35. Qxc1 Nxc1 0-1

[Event "December 5 Early 2023"]
[Site "https://www.chess.com"]
[Date "2023.12.05"]
[Round "5"]
[White "Rangel, Daniel"]
[Black "Rodriguez Avila, Alvaro"]
[Result "0-1"]
[Board "135"]
[TimeControl "180+1"]
[WhiteFideId "2124475"]
[BlackFideId "24570249"]
[WhiteElo "2540"]
[BlackElo "2232"]
[WhiteTeam "BRA"]
[BlackTeam "ESP"]
[WhiteClock "0:00:06"]
[BlackClock "0:00:07"]

1. d4 Nf6 2. c4 e6 3. Nc3 d5 4. cxd5 exd5 5. Bf4 c6 6. e3 Bf5 7. Bd3 Bxd3 8. Qxd3 Nbd7 9. Nge2 Be7 10. O-O O-O 11. Rab1 a5 12. a3 Re8 13. h3 Nb6 14. Ng3 Bf8 15. Bg5 h6 16. Bxf6 Qxf6 17. a4 Bd6 18. Nce2 Nd7 19. Qc2 g6 20. Qd3 h5 21. f4 h4 22. Nh1 Qe7 23. Rf3 Qe4 24. Qd1 Nf6 25. Nf2 Qf5 26. Nc3 Re7 27. Qd3 Rae8 28. Qxf5 gxf5 29. Nfd1 Kf8 30. Rf2 Ne4 31. Rc2 Ng3 32. Kf2 Ne4+ 33. Kf3 Re6 34. Nxe4 fxe4+ 35. Kf2 Ke7 36. Nc3 Rg8 37. Ne2 Reg6 38. Rg1 f5 39. b3 Kd7 40. Rcc1 R8g7 41. Rc2 Kc7 42. Ra2 Kb6 43. Kf1 Bb4 44. Nc1 Rg3 45. Kf2 Rg8 46. Ne2 R3g6 47. g3 hxg3+ 48. Rxg3 Be1+ 49. Kxe1 Rxg3 50. Nxg3 Rxg3 51. Kf2 Rxh3 52. Ra1 Rh2+ 53. Kg3 Rb2 54. Rh1 Rxb3 55. Kf2 Ra3 56. Rh5 Rxa4 57. Rxf5 Rc4 58. Rh5 a4 59. f5 a3 60. Rh1 Ra4 61. Ra1 a2 62. Kg3 Kb5 63. Kf4 Kb4 64. Ke5 Kb3 65. Rf1 a1=Q 66. Rxa1 Rxa1 67. f6 Rf1 68. Ke6 Kc4 69. f7 Rxf7 70. Kxf7 c5 71. dxc5 Kxc5 72. Ke6 d4 0-1

[Event "December 5 Early 2023"]
[Site "https://www.chess.com"]
[Date "2023.12.05"]
[Round "5"]
[White "Cagara, Paulina"]
[Black "Gavrilov, Maxim"]
[Result "0-1"]
[Board "136"]
[TimeControl "180+1"]
[WhiteFideId "1124870"]
[BlackFideId "24271454"]
[WhiteElo "2223"]
[BlackElo "2540"]
[WhiteTeam "POL"]
[BlackTeam "RUS"]
[WhiteClock "0:00:00"]
[BlackClock "0:00:09"]

1. e4 c5 2. Nc3 d6 3. f4 g6 4. Nf3 Bg7 5. g3 Nc6 6. Bg2 e6 7. O-O Nge7 8. d3 O-O 9. Qe1 Rb8 10. a4 a6 11. Be3 b5 12. axb5 axb5 13. g4 b4 14. Nd1 f5 15. gxf5 exf5 16. e5 Bb7 17. exd6 Qxd6 18. Qf2 Nd4 19. Bxd4 cxd4 20. Ng5 Bxg2 21. Qxg2 h6 22. Nh3 Kh7 23. Re1 Nd5 24. Ra7 Ra8 25. Rb7 Ra1 26. Qf3 Ne3 27. Nhf2 Re8 28. h4 Kh8 29. h5 gxh5 30. Qxh5 Rg8 31. Kh2 Qxf4+ 32. Kh3 Bf8 33. Rh7+ Kxh7 34. Qf7+ Rg7 35. Qxg7+ Bxg7 36. Nxe3 dxe3 0-1

[Event "December 5 Early 2023"]
[Site "https://www.chess.com"]
[Date "2023.12.05"]
[Round "5"]
[White "Ozates, Tuna"]
[Black "Golubenko, Valentina"]
[Result "1-0"]
[Board "137"]
[TimeControl "180+1"]
[WhiteFideId "6354521"]
[BlackFideId "4501993"]
[WhiteElo "2536"]
[BlackElo "2216"]
[WhiteTeam "TUR"]
[BlackTeam "CRO"]
[WhiteClock "0:00:43"]
[BlackClock "0:00:03"]

1. e4 e6 2. d4 d5 3. e5 c5 4. c3 Nc6 5. Nf3 Nge7 6. Na3 cxd4 7. cxd4 Nf5 8. Nc2 Be7 9. Bd3 O-O 10. O-O a6 11. Bxf5 exf5 12. a3 Be6 13. Re1 Rc8 14. Qd3 Na5 15. Ne3 g6 16. Bd2 Nc4 17. Nxc4 dxc4 18. Qe3 Bd5 19. Bc3 b5 20. Rad1 a5 21. h4 b4 22. axb4 axb4 23. Bd2 Bxh4 24. Bxb4 Be7 25. Bxe7 Qxe7 26. Qh6 Bxf3 27. gxf3 c3 28. bxc3 Rxc3 29. Kg2 f6 30. e6 Rb8 31. d5 Qa7 32. e7 Re8 33. d6 Qb7 34. Re3 Rxe3 35. Qxe3 Qd7 36. Qb3+ Kg7 37. Qd5 f4 38. Rc1 Rxe7 39. Rc7 Qxc7 40. dxc7 Rxc7 41. Qd6 Rf7 42. Qxf4 g5 43. Qf5 Re7 44. Kg3 Rf7 45. Kg4 Re7 46. f4 Rf7 47. fxg5 Re7 48. gxf6+ Kf7 49. fxe7+ Kxe7 50. Qxh7+ 1-0

[Event "December 5 Early 2023"]
[Site "https://www.chess.com"]
[Date "2023.12.05"]
[Round "5"]
[White "Silva Lucena, Cristian"]
[Black "Wieczorek, Zbigniew"]
[Result "1-0"]
[Board "138"]
[TimeControl "180+1"]
[WhiteFideId "2232588"]
[BlackFideId "1102001"]
[WhiteElo "2534"]
[BlackElo "2209"]
[WhiteTeam "ESP"]
[BlackTeam "POL"]
[WhiteClock "0:00:10"]
[BlackClock "0:00:00"]

1. d4 g6 2. e4 Bg7 3. Nf3 c6 4. c4 d6 5. Nc3 Nd7 6. Be2 e5 7. O-O Ngf6 8. Re1 O-O 9. Bf1 a5 10. b3 Re8 11. Ba3 exd4 12. Nxd4 Nc5 13. f3 Nfd7 14. Kh1 Qb6 15. Nde2 Qc7 16. Qd2 Ne5 17. Nd4 Ned3 18. Bxd3 Bxd4 19. Bf1 Be5 20. Rad1 b6 21. g3 Bb7 22. Bg2 Rad8 23. f4 Bg7 24. Bb2 Bc8 25. h3 f5 26. exf5 Bxf5 27. g4 Rxe1+ 28. Rxe1 Bc8 29. Qe3 Ne6 30. f5 Nd4 31. Ne2 Nxe2 32. Bxg7 Qxg7 33. Rxe2 d5 34. cxd5 cxd5 35. Qxb6 Qd7 36. Rd2 d4 37. fxg6 hxg6 38. Qxg6+ Qg7 39. Qxg7+ Kxg7 40. Kh2 Be6 41. Kg3 a4 42. bxa4 Bc4 43. Bc6 1-0

[Event "December 5 Early 2023"]
[Site "https://www.chess.com"]
[Date "2023.12.05"]
[Round "5"]
[White "Pham, Le Thao Nguyen"]
[Black "Dimitrijevic, Darko"]
[Result "1-0"]
[Board "139"]
[TimeControl "180+1"]
[WhiteFideId "12401226"]
[BlackFideId "14500892"]
[WhiteElo "2533"]
[BlackElo "2204"]
[WhiteTeam "VIE"]
[BlackTeam "CRO"]
[WhiteClock "0:00:08"]
[BlackClock "0:00:10"]

1. d4 Nf6 2. Nf3 e6 3. Bf4 b6 4. e3 c5 5. Nbd2 Nc6 6. Nc4 d5 7. Nce5 Nxe5 8. Nxe5 a6 9. c3 c4 10. b3 b5 11. a4 Bd7 12. axb5 axb5 13. bxc4 bxc4 14. f3 Be7 15. Be2 O-O 16. O-O Qb6 17. Bg3 Ba3 18. Bh4 Ba4 19. Qd2 Qb2 20. Qe1 Bc2 21. Bxf6 gxf6 22. Nd7 Rfd8 23. Nxf6+ Kg7 24. Nh5+ Kg6 25. Qh4 Qxc3 26. Qf6+ Kxh5 27. g4# 1-0

[Event "December 5 Early 2023"]
[Site "https://www.chess.com"]
[Date "2023.12.05"]
[Round "5"]
[White "Baziuk, Vladyslav"]
[Black "Vila Dupla, Aurelio"]
[Result "1/2-1/2"]
[Board "140"]
[TimeControl "180+1"]
[WhiteFideId "34107940"]
[BlackFideId "2203383"]
[WhiteElo "2533"]
[BlackElo "2196"]
[WhiteTeam "UKR"]
[BlackTeam "ESP"]
[WhiteClock "0:00:05"]
[BlackClock "0:00:03"]

1. e4 c5 2. Nf3 d6 3. d4 cxd4 4. Nxd4 Nf6 5. Nc3 g6 6. f3 Bg7 7. Be3 O-O 8. Bc4 Nc6 9. Qd2 Bd7 10. O-O-O Qa5 11. Bb3 Rfc8 12. Kb1 Ne5 13. g4 Rc5 14. Nd5 Qxd2 15. Rxd2 Nxd5 16. Bxd5 Nc4 17. Bxc4 Rxc4 18. h4 h6 19. Nb3 b6 20. Bd4 Bxd4 21. Nxd4 Kg7 22. b3 Rc3 23. Kb2 Rac8 24. Rf1 b5 25. a3 a6 26. Ne2 Re3 27. Nf4 Be6 28. Rd3 Rxd3 29. Nxd3 Kf6 30. Rg1 g5 31. hxg5+ hxg5 32. Rh1 Kg7 33. Rh5 f6 34. Nb4 a5 35. Nd5 Bxd5 36. exd5 b4 37. axb4 axb4 38. Rh2 Rc3 39. Re2 Kf7 40. Re4 Rxf3 41. Rxb4 Rf4 42. Rb7 Rxg4 43. b4 Rc4 44. Kb3 Rc8 45. b5 g4 46. Ra7 f5 47. Ra1 Kf6 48. Kb4 Kg5 49. c4 f4 50. b6 f3 51. Kb5 Kf4 52. b7 Rb8 53. Kc6 g3 54. Ra8 Rxb7 55. Kxb7 g2 56. Rg8 Ke3 57. Kc6 Kf2 58. Kd7 g1=Q 59. Rxg1 Kxg1 60. Kxe7 f2 61. Kxd6 f1=Q 62. c5 Qa6+ 63. c6 Qc8 64. c7 Kf2 65. Kc6 Ke3 66. d6 Qa8+ 67. Kd7 Qb7 68. Kd8 Qb6 69. Ke7 Qb7 70. Kd8 Qb6 71. Kd7 Qb7 72. Kd8 1/2-1/2

[Event "December 5 Early 2023"]
[Site "https://www.chess.com"]
[Date "2023.12.05"]
[Round "5"]
[White "Kotyk, Michael"]
[Black "Yushko, Olga"]
[Result "1/2-1/2"]
[Board "141"]
[TimeControl "180+1"]
[WhiteFideId "16214501"]
[BlackFideId "14114500"]
[WhiteElo "2524"]
[BlackElo "2117"]
[WhiteTeam "GER"]
[BlackTeam "UKR"]
[WhiteClock "0:00:12"]
[BlackClock "0:00:19"]

1. e4 e6 2. d4 d5 3. Nc3 Nf6 4. Bg5 dxe4 5. Nxe4 Be7 6. Bxf6 Bxf6 7. Nf3 O-O 8. Nxf6+ Qxf6 9. Bd3 c5 10. O-O cxd4 11. Nxd4 Nd7 12. c3 Ne5 13. Be4 Rb8 14. Qe2 b6 15. Rfe1 Ng6 16. Nc6 Rb7 17. Rad1 Rc7 18. Nd4 Rd8 19. Nb5 Rcd7 20. Rxd7 Rxd7 21. Bc6 Nf4 22. Qe4 Rd2 23. Nxa7 Ba6 24. Qf3 Be2 25. Qe3 Rxb2 26. Bf3 Nh3+ 27. gxh3 Bxf3 28. Qe5 Qg6+ 29. Qg3 Qxg3+ 30. hxg3 Rxa2 31. Nc8 Kf8 32. Nxb6 Rb2 33. Nc4 Rc2 34. Ne5 Bd5 35. c4 Bxc4 36. Nxc4 Rxc4 37. h4 Ke7 38. Kg2 f6 39. Ra1 Kf7 40. Ra7+ Kg6 41. Ra5 e5 42. Ra6 Rc2 43. Ra7 Rb2 44. Ra3 Rb7 45. Ra4 Rb6 46. Ra5 Kf5 47. Ra4 Rb7 48. Ra5 Ke6 49. Ra6+ Ke7 50. Ra5 g6 51. Ra6 Kf7 52. Rc6 Re7 53. Rb6 Re6 54. Rb7+ Re7 1/2-1/2